Map: Orbital Shipyard

Players

Blemz

  • Race: Protoss Protoss
  • League: Gold

Javert - Winner!

  • Race: Zerg Zerg
  • League: Platinum

VOD

Have the link to the VOD?

Description

Time

  • Played on: Aug. 13, 2015, 8:31 p.m.
  • Length: 7:02
Show
View Real Time Build Order
Export as new Build Order

Blemz Protoss 

Build Orders:  

Get SALT Encoding   

  12  0:00  Probe  
  13  0:13  Pylon  
  13  0:18  Probe  
  14  0:31  Probe (Chrono Boost)  
  14  0:35  Gateway  
  16  0:44  Probe (Chrono Boost)  
  16  0:46  Assimilator  
  16  0:51  Probe (Chrono Boost)  
  17  1:01  Probe (Chrono Boost)  
  17  1:03  Pylon  
  19  1:12  Probe (Chrono Boost)  
  19  1:18  Probe (Chrono Boost)  
  19  1:22  Cybernetics Core  
  20  1:30  Probe (Chrono Boost)  
  21  1:42  Probe (Chrono Boost)  
  22  1:51  Probe (Chrono Boost)  
  23  1:54  Nexus  
  25  2:01  Mothership Core (Chrono Boost)  
  25  2:08  Stalker  
  27  2:17  Assimilator  
  27  2:20  Probe (Chrono Boost)  
  28  2:29  Probe  
  29  2:40  Gateway  
  29  2:43  Gateway  
  29  2:49  Warp Gate (Chrono Boost)  
  29  2:58  Gateway  
  29  3:04  Pylon  
  29  3:06  Adept  
  31  3:23  Gateway  
  31  3:29  Stalker  
  31  3:30  Stalker  
  31  3:34  Probe  
  36  3:43  Pylon  
  36  3:46  Stalker  
  37  4:06  Adept  
  37  4:07  Adept x2  
  43  4:15  Pylon  
  43  4:30  Pylon  
  43  4:39  Stalker x2  
  47  4:49  Adept x3  
  47  4:51  Pylon  
  53  5:08  Stalker x2  
  41  5:30  Stalker x2  
  41  5:32  Zealot  
  35  5:45  Probe  
  35  5:46  Probe  
  37  5:54  Gateway  
  36  5:57  Gateway  
  36  5:58  Adept  
  36  5:59  Adept x4  
Show
View Real Time Build Order
Export as new Build Order

Javert Zerg - Winner!

Build Orders: 3 Hatch before Pool 

Get SALT Encoding   

  12  0:01  Drone  
  13  0:13  Overlord  
  13  0:20  Drone  
  14  0:32  Drone  
  14  0:33  Drone  
  16  0:37  Drone  
  17  0:55  Hatchery  
  16  1:00  Drone  
  17  1:05  Drone  
  18  1:23  Hatchery  
  17  1:27  Drone  
  17  1:28  Extractor  
  17  1:37  Drone  
  17  1:38  Drone  
  19  1:49  Spawning Pool  
  19  1:53  Drone  
  19  1:57  Drone  
  20  2:02  Drone  
  20  2:07  Overlord  
  21  2:14  Drone  
  22  2:27  Drone x2  
  23  2:39  Queen  
  23  2:40  Queen  
  23  2:42  Metabolic Boost  
  27  2:49  Queen  
  29  3:00  Zergling x6  
  29  3:02  Drone  
  33  3:06  Drone x2  
  33  3:09  Drone  
  36  3:22  Drone x3  
  39  3:36  Roach Warren  
  39  3:38  Drone x4  
  42  3:43  Spine Crawler  
  42  3:44  Overlord  
  41  3:55  Overlord x2  
  41  4:01  Drone  
  42  4:05  Overlord  
  42  4:15  Overlord  
  42  4:16  Drone  
  44  4:17  Drone x7  
  44  4:20  Overlord  
  49  4:27  Zergling x2  
  49  4:28  Zergling x8  
  54  4:37  Roach  
  54  4:38  Roach x3  
  62  4:45  Roach x3  
  68  4:52  Overlord  
  68  4:56  Roach x4  
  66  5:15  Roach  
  66  5:16  Roach x5  
  73  5:24  Zergling x2  
  73  5:25  Zergling x8  
  74  5:30  Queen  
  78  5:44  Zergling x18  
  78  5:47  Overlord  
  87  5:53  Overlord  
  87  5:59  Lair, Extractor  
  84  6:05  Spine Crawler  
  80  6:18  Drone x7  
  82  6:25  Drone x5  
  85  6:26  Drone  
  86  6:27  Extractor  
  86  6:29  Extractor  
  86  6:32  Drone x6  
  86  6:33  Drone x2  
  86  6:37  Drone  
  86  6:38  Drone x2  
  86  6:48  Drone  
  86  6:49  Drone  
Tags
 
Add a new tag
Caveats
  • Supply blocks, unpowered buildings, or Contaminate may cause inaccurate times.
  • Supply counts are checked every 10 seconds.